 Dungeon Crawl Stone Soup version 0.28.0-43-g3370ac3207 (webtiles) character file.

Game seed: 17033448373229213718

70 RascalDebosk the Chopper (level 4, 0/41 HPs)
             Began as a Hill Orc Monk on Mar 13, 2022.
             Was a Follower of Beogh.
             Slain by an orc
             ... wielding a +0 club
              (1 damage)
             ... on level 2 of the Dungeon.
             The game lasted 00:15:09 (1977 turns).

RascalDebosk the Chopper (Hill Orc Monk)            Turns: 1977, Time: 00:15:13

Health: 0/41       AC:  2    Str: 15    XL:     4   Next: 21%
Magic:  3/4        EV: 12    Int: 10    God:    Beogh [*.....]
Gold:   50         SH:  0    Dex: 13    Spells: 3/3 levels left

rFire   + . .      SeeInvis .   a - +0 hand axe
rCold   . . .      Faith    .   (no shield)
rNeg    . . .      Spirit   .   b - +0 robe
rPois   +          Reflect  .   (no helmet)
rElec   .          Harm     .   (no cloak)
rCorr   .          Rampage  .   (no gloves)
Will    .....                   (no boots)
Stlth   ++........              (no amulet)
HPRegen 0.13/turn               c - ring of poison resistance
MPRegen 0.09/turn               e - ring of protection from fire

@: no status effects
A: no striking features
a: Renounce Religion


You were on level 2 of the Dungeon.
You worshipped Beogh.
Beogh was aware of your devotion.
You visited 1 branch of the dungeon, and saw 2 of its levels.

You collected 50 gold pieces.

Inventory:

Hand Weapons
 a - a +0 hand axe (weapon)
Missiles
 d - 52 stones (quivered)
Armour
 b - a +0 robe (worn)
Jewellery
 c - a ring of poison resistance (left hand)
 e - a ring of protection from fire (right hand)
Scrolls
 f - a scroll of identify {unknown}
 g - a scroll of enchant weapon {unknown}
 i - a scroll of immolation {unknown}
 j - a scroll of magic mapping {unknown}
Potions
 h - 2 potions of might {unknown}
 k - a potion of brilliance {unknown}


   Skills:
 + Level 4.5 Fighting
 + Level 5.0 Axes
 + Level 2.1 Armour
 - Level 2.4 Dodging
 - Level 1.5 Stealth
 + Level 0.1 Invocations


You had 3 spell levels left.
You didn't know any spells.
Your spell library was empty.

Dungeon Overview and Level Annotations

Branches:
Dungeon (2/15)

Altars:
Dithmenos


Message History

You barely miss the orc. You hit the orc. The orc barely misses you.
The orc hits you with a +0 club.
* * * LOW HITPOINT WARNING * * *
You hit the orc but do no damage. You barely miss the orc.
The orc hits you with a +0 club.
* * * LOW HITPOINT WARNING * * *
The orc hits you with a +0 club.
* * * LOW HITPOINT WARNING * * *
The orc hits you with a +0 club.
* * * LOW HITPOINT WARNING * * *
You see here a ball python corpse.
You start resting.
An orc is nearby!
There are monsters nearby!
There are monsters nearby!
The orc hits you but does no damage.
You hit the orc.
You kill the orc!
Beogh accepts your kill.
You closely miss the hobgoblin. The hobgoblin barely misses you.
You hit the hobgoblin.
The hobgoblin is almost dead.
The hobgoblin closely misses you.
You hit the hobgoblin.
You kill the hobgoblin!
Beogh accepts your kill.
You hit the orc.
The orc is lightly wounded.
The orc hits you with a +0 club.
* * * LOW HITPOINT WARNING * * *
You hit the orc but do no damage.
The orc is lightly wounded.
The orc hits you but does no damage.
You hit the orc.
The orc is severely wounded.
The orc hits you with a +0 club.
* * * LOW HITPOINT WARNING * * *
The orc hits you with a +0 club.
You die...
Beogh appreciates the orc's killing of a heretic priest.

#.# #.# ########## #.#
.......... ... .)........
#.# ..######## . #.#
..######## .## #.#
.........# ..# #.#
.........###.# #@#
.............# #o#
..######.....###.########
..# #.......#........#
### ###.....#........#
#.....#........#
##.....#....o...#
#...............####
#......#.#.#.......#


You could see an orc.

Vanquished Creatures
  An orc priest (D:2)
  A worm (D:2)
  A dart slug (D:1)
  2 orcs (D:2)
  4 ball pythons
  An endoplasm (D:1)
  6 goblins
  4 hobgoblins
  2 jackals (D:1)
  2 quokkas (D:1)
  A bat (D:1)
  A frilled lizard (D:1)
  2 kobolds (D:1)
  3 rats
31 creatures vanquished.

Vanquished Creatures (others)
  A dart slug (D:2)
1 creature vanquished.

Grand Total: 32 creatures vanquished

Notes
Turn   | Place    | Note
-------+----------+-------------------------------------------
     0 | D:1      | RascalDebosk the Hill Orc Monk began the quest for the Orb.
     0 | D:1      | Reached XP level 1. HP: 19/19 MP: 1/1
   153 | D:1      | Reached XP level 2. HP: 13/27 MP: 2/2
   395 | D:1      | Reached skill level 1 in Armour
  1382 | D:1      | Reached XP level 3. HP: 32/33 MP: 3/3
  1788 | D:2      | Found a shadowy altar of Dithmenos.
  1934 | D:2      | Became a worshipper of Beogh the Brigand
  1934 | D:2      | Reached * piety under Beogh
  1934 | D:2      | Reached ** piety under Beogh
  1945 | D:2      | Reached skill level 5 in Axes
  1945 | D:2      | Reached XP level 4. HP: 19/41 MP: 0/4
  1949 | D:2      | HP: 2/41 [orc/+0 club (1)]
  1977 | D:2      | HP: 1/41 [orc/+0 club (4)]
  1977 | D:2      | Slain by an orc

Illustrated notes

Levels and vault maps discovered:
D:1:      dpeg_arrival_court, layout_loops_cross, serial_glass, glass_columns_b,
          glass_columns_c, minmay_pentomino_x2
D:2:      layout_basic, dilly_ecumenical_altar_fadedgnrine, basic_altar,
          minmay_ruptured

Skill      XL: |  1  2  3 |
---------------+----------+-----
Armour         | 1 2 |  2.1
Fighting       | 4 |  4.5
Axes           | 5 |  5.0
Dodging        | |  2.4
Stealth        | |  1.5
Invocations    | |  0.1

Action                   |  1- 3 |  4- 6 || total
-------------------------+-------+-------++-------
Melee: Hand axe          |   107 |    12 ||   119
Throw: Stone             |     7 |       ||     7
Invok: Smiting           |     1 |       ||     1
       Convert to Beogh  |     1 |       ||     1
 Stab: Sleeping          |     1 |       ||     1
Armor: Robe              |    13 |     4 ||    17
Dodge: Dodged            |    66 |     5 ||    71
